AoeStats
← deer lu

Black Forest

504838100Analyzed
2v2 RM · 26d ago on Sep 6, 2026· 18m 48s· 4 players
Game mode
Random Map
Map size
Medium (4 player)
Population
200
Speed
Normal
Resources
Standard
Victory
Conquest
Starting age
Dark Age
Ending age
Imperial Age
RankedLock teamsTeams togetherTeam positionsShared explorationLock speedFull tech treeHidden civsTurbo modeCheats
Victory
Defeat
🇲🇽 Japanese · Mexico
426
+10
🇲🇽 Cumans · Mexico
423
+10
🇨🇳 Portuguese · China
302
-10
🇦🇺 Portuguese · Australia
287
-10
deer lu
15:20 Feudal Age
15:41 Horse Collar
15:51 Double-Bit Axe
16:03 Gold Mining
16:03 Stone Mining
16:56 Stone Mining
NATO♥ ҉
1:03 Loom
JULLS
12:01 Feudal Age
18:15 Man-at-Arms
PIJAGORDA
12:15 Feudal Age
11:18 Loom
14:29 Man-at-Arms
16:53 Arson
Connection lost

Rejoining the realm…

Still unreachable

The connection could not be restored.

Session expired

The server has moved on; the page needs a fresh start.